 Dungeon Crawl Stone Soup version 0.32-a0-468-g38b2580584 (webtiles) character file.

Game seed: 5771305381946963940

4648 dialectric the Covert (level 10, 0/47 (49) HPs)
             Began as a Spriggan Brigand on Feb 24, 2024.
             Slain by a wight
             ... wielding a +0 battleaxe
              (7 damage)
             ... on level 6 of the Dungeon.
             The game lasted 00:19:13 (7498 turns).

dialectric the Covert (Spriggan Brigand)            Turns: 7498, Time: 00:19:13

HP:   0/47 (49)     AC:  9    Str:  7    XL:     10   Next: 20%
MP:   20/20         EV: 25    Int: 12    God:
Gold: 562           SH:  5    Dex: 22    Spells: 19/21 levels left

rFire   . . .        a - +2 dagger
rCold   . . .        (no shield)
rNeg    . . .        b - +0 robe
rPois   .            (helmet restricted)
rElec   .            v - +2 cloak {Will+}
rCorr   .            (gloves unavailable)
SInv    +            (boots unavailable)
Will    ++...        d - amulet of reflection
Stlth   +++++        n - +4 ring of protection
HPRegen 0.27/turn    x - +4 ring of slaying
MPRegen 0.17/turn

%: reflection
@: lightly drained, very quick
A: very small, no large weapons, unfitting armour, see invisible, speed 3
a: no special abilities


You were on level 6 of the Dungeon.
You visited 1 branch of the dungeon, and saw 9 of its levels.
You also visited: Bailey.

You collected 562 gold pieces.

Inventory:

Hand Weapons
 a - a +2 dagger (weapon)
Missiles
 e - a curare-tipped dart
 k - 11 poisoned darts (quivered)
 o - 3 atropa-tipped darts
Armour
 b - a +0 robe (worn)
 c - a +0 cloak
 v - a +2 cloak of willpower (worn)
 D - a +0 cloak of poison resistance
 K - +0 acid dragon scales
Jewellery
 d - an amulet of reflection (around neck)
 n - a +4 ring of protection (left hand)
 p - a ring of flight
 w - an amulet of magic regeneration
 x - a +4 ring of slaying (right hand)
 E - a ring of resist corrosion
 F - an amulet of guardian spirit
 J - a ring of wizardry
 L - a ring of fire
 O - a ring of poison resistance
Wands
 m - a wand of acid (1)
 y - a wand of iceblast (3)
 A - a wand of digging (6)
Scrolls
 f - 6 scrolls of teleportation
 i - a scroll of immolation {unknown}
 t - 3 scrolls of fear {unknown}
 u - a scroll of summoning {unknown}
 z - a scroll of enchant weapon {unknown}
 G - a scroll of revelation {unknown}
 H - 3 scrolls of blinking {unknown}
 I - a scroll of noise {unknown}
 M - 3 scrolls of enchant armour {unknown}
Potions
 g - a potion of haste {unknown}
 h - a potion of curing
 j - 2 potions of lignification
 l - a potion of ambrosia
 q - 2 potions of mutation
 r - 5 potions of brilliance
 s - a potion of resistance
 B - 6 potions of heal wounds
 C - 2 potions of might {unknown}
 N - a potion of magic {unknown}


   Skills:
 - Level 4.0 Fighting
 - Level 7.0 Short Blades
 - Level 3.1 Throwing
 - Level 9.1 Dodging
 - Level 10.3 Stealth
 + Level 6.3 Spellcasting
 * Level 6.0 Summonings


You had 19 spell levels left.
You knew the following spells:

 Your Spells              Type           Power      Damage    Failure   Level
a - Call Imp              Summ           36%        N/A       2%          2

Your spell library contained the following spells:

 Spells                   Type           Power      Damage    Failure   Level
 Magic Dart               Conj           12%        1d3       19%         1
 Sandblast                Erth           6%         2d5       19%         1
 Blink                    Tloc           6%         N/A       26%         2
 Cigotuvi's Dreadful Rot  Necr/Alch/Air  6%         N/A       26%         2
 Mercury Vapours          Alch/Air       6%         N/A       26%         2
 Martyr's Knell           Necr/Summ      11%        N/A       45%         4
 Dispel Undead            Necr           3%         3d7       87%         4
 Leda's Liquefaction      Alch/Erth      1%         N/A       87%         4
 Bombard                  Conj/Erth      1%         9d1       100%        6
 Death Channel            Necr           1%         N/A       100%        6


Dungeon Overview and Level Annotations

Branches:
Dungeon (9/15)             Temple (0/1) D:5          Bailey (visited)
   Lair: D:8-11         Orc: D:9-12

Altars:
Elyvilon
Fedhas
Kikubaaqudgha
Makhleb
Ru
Trog
Uskayaw
The Shining One

Shops:
D:1 *

Annotations:
D:8 Erica


Innate Abilities, Weirdness & Mutations

You are very small and have problems with some larger weapons.
You are too small for most types of armour.
You have supernaturally acute eyesight. (SInv)
You cover ground extremely quickly. (Speed+++)


Message History

The jelly completely misses you.
You puncture the jelly!
Your hands burn!
The jelly is almost dead.
Unknown command.
You hit the jelly.
Your hands burn!
The jelly is almost dead.
The jelly completely misses you.
You are too injured to fight recklessly!
You hit the jelly.
Your hands burn!
The jelly is almost dead.
The jelly misses you.
Unknown command.
You puncture the jelly!
You kill the jelly!
G - a scroll labelled ORUINKA INALATI What level of the Dungeon? (default 1, ? - help)
Things that are here:
a +0 shortbow; a centaur skeleton
There is a stone staircase leading up here.
You climb upwards.
Found a burning altar of Makhleb.
There is a stone staircase leading down here.
There are monsters nearby!
Unknown command.
You hit the wight.
The wight is moderately damaged.
The wight misses you.
Unknown command.
The wight attacks as it pursues you! The wight misses you.
The wight hits you with a +0 battleaxe!
* * * LOW HITPOINT WARNING * * *
You feel drained.
* * * LOW HITPOINT WARNING * * *
An orc comes into view. It is wielding a +0 mace.
An orc priest comes into view. It is wielding a +0 mace.
Found 4 poisoned darts.
A hound comes into view.
The hound barks!
The wight attacks as it pursues you! The wight hits you with a +0 battleaxe!
You die...

###########......z............
#..............#.....
#.....#'#..###.#.##..
###.....#z#..# #.#...s#
#..h....#z#..# #.#.....
..#......z...# #.......
....♣.......## #.......
...♣♣......## #.#..... ♣.♣
♣.@z.### #..... ♣. ♣.♣♣♣.#
#..... ♣.♣♣♣..# #.o... ♣♣
♣..## ....... .⌠.......#
....... ♣.♣♣♣♣..... ._.....
♣♣...... ...Y... ♣♣...o...
.o..### ....### .#.#


You could see a hound and 4 wights.

Vanquished Creatures
  A vault guard (Bailey)
  Prince Ribbit (Bailey)
  5 humans (Bailey)
  An acid dragon (D:8)
  A black bear (D:7)
  A sky beast (D:8)
  2 centaurs
  2 ogres
  A kobold brigand (D:8)
  12 bullfrogs
  A gnoll sergeant (D:8)
  3 scorpions
  A wight (D:6)
  8 killer bees
  A crimson imp (D:8)
  3 hounds
  2 orc priests
  3 bombardier beetles (D:5)
  Crazy Yiuf (D:3)
  2 jellies
  2 iguanas (D:4)
  A sleepcap (D:7)
  Jessica (D:2)
  A gnoll bouda (D:5)
  Terence (D:3)
  3 orc wizards
  23 gnolls
  3 adders (D:5)
  A shadow imp (D:7)
  A white imp (D:5)
  2 ufetubi (D:7)
  3 dart slugs
  A ribbon worm (D:4)
  21 orcs
  6 bats
  3 endoplasms
  A giant cockroach (D:3)
  18 goblins
  12 hobgoblins
  11 jackals
  13 kobolds
  5 quokkas
  7 ball pythons
  10 frilled lizards
  A goblin skeleton (D:8)
  A goblin zombie (D:8)
  3 hobgoblin zombies (D:8)
  A kobold skeleton (D:8)
  A kobold zombie (D:8)
  An orc skeleton (D:8)
  6 rats
216 creatures vanquished.

Notes
Turn   | Place    | Note
-------+----------+-------------------------------------------
     0 | D:1      | dialectric the Spriggan Brigand began the quest for the
                  | Orb.
     0 | D:1      | Reached XP level 1. HP: 10/10 MP: 2/2
   102 | D:1      | Reached skill level 6 in Stealth
   147 | D:1      | Reached XP level 2. HP: 11/15 MP: 3/3
   333 | D:1      | Found Veos's General Store.
   952 | D:2      | Reached XP level 3. HP: 18/18 MP: 4/4
   999 | D:2      | Reached XP level 4. HP: 15/23 MP: 5/5
  1710 | D:3      | Noticed Jessica
  1744 | D:2      | Killed Jessica
  1745 | D:2      | Reached XP level 5. HP: 20/26 MP: 6/6
  1996 | D:2      | Reached skill level 7 in Stealth
  2149 | D:3      | Noticed Terence
  2173 | D:3      | Killed Terence
  2433 | D:3      | Found a runed translucent door.
  2436 | D:3      | Noticed Crazy Yiuf
  2461 | D:3      | Killed Crazy Yiuf
  2741 | D:4      | Reached XP level 6. HP: 21/32 MP: 7/7
  3267 | D:4      | Found a white marble altar of Elyvilon.
  3749 | D:4      | Got Afukeu's Lessons on the Xanthotic Plateau
  3884 | D:5      | Entered Level 5 of the Dungeon
  3889 | D:5      | Reached XP level 7. HP: 36/36 MP: 8/8
  4041 | D:5      | Reached skill level 8 in Stealth
  4231 | D:5      | Reached skill level 5 in Dodging
  4371 | D:5      | Reached skill level 5 in Short Blades
  4401 | D:5      | Found a staircase to the Ecumenical Temple.
  4424 | D:5      | Found a hide-covered altar of Uskayaw.
  4521 | D:5      | Reached skill level 9 in Stealth
  4521 | D:5      | Reached XP level 8. HP: 38/42 MP: 9/9
  5243 | D:6      | Found an ancient bone altar of Kikubaaqudgha.
  5438 | D:6      | Found a blossoming altar of Fedhas.
  5609 | D:5      | Learned a level 2 spell: Call Imp
  5703 | D:7      | Found a sacrificial altar of Ru.
  5814 | D:7      | Reached skill level 10 in Stealth
  5814 | D:7      | Reached skill level 1 in Spellcasting
  5834 | D:7      | Reached skill level 1 in Summonings
  6009 | D:7      | Found a bloodstained altar of Trog.
  6117 | D:8      | Noticed Erica
  6196 | D:8      | Found a glowing golden altar of the Shining One.
  6292 | D:8      | Reached XP level 9. HP: 45/45 MP: 13/13
  6536 | D:8      | Found a flagged portal.
  6568 | Bailey   | Entered a bailey
  6880 | Bailey   | Reached skill level 5 in Spellcasting
  6956 | Bailey   | Reached skill level 5 in Summonings
  6964 | Bailey   | Noticed Prince Ribbit
  7059 | Bailey   | Killed Prince Ribbit
  7060 | Bailey   | Reached XP level 10. HP: 49/49 MP: 19/19
  7065 | Bailey   | Noticed a vault guard
  7129 | Bailey   | Noticed a vault guard
  7182 | Bailey   | Killed a vault guard
  7479 | D:6      | Found a burning altar of Makhleb.
  7498 | D:6      | Slain by a wight

Illustrated notes

Levels and vault maps discovered:
D:1:      orjb1_lava_funnel, layout_basic, serial_shops,
          nicolae_shop_temple_entry_statues_fountains
D:2:      layout_basic
D:3:      layout_rooms, uniq_terence, uniq_jessica, uniq_crazy_yiuf_cottage
D:4:      cheibrodos_greedy_goblins, layout_basic, mainiacjoe_overflow_catwalk,
          chequers_decorated_corner, minmay_misc_feat_roman, minivault_5,
          minmay_lizard_king
D:5:      layout_basic, mainiacjoe_overflow_concentric_impassable,
          minmay_temple_entry_mini_moons
D:6:      cheibrodos_quashed, layout_rooms, kennysheep_mini,
          mainiacjoe_overflow_boulevard, jmf_multi_god_temple2,
          nicolae_overflow_hidden_temple, kb_rosetta
D:7:      layout_basic, mainiacjoe_overflow_paths, evilmike_ruin_ashenzari,
          nicolae_ru_great_annihilating_truth, minmay_strange_pillars,
          bh_walls_and_bars
D:8:      layout_loops_ring, nicolae_tso_besieged_by_evil, lair_entry_dummy,
          enter_bailey_4, uniq_erica
D:9:      layout_irregular_city, minmay_holes

Skill      XL: |  1  2  3  4  5  6  7  8  9 10 |
---------------+-------------------------------+-----
Stealth        | 6 7 9 10 | 10.3
Dodging        | 2 3 4 5 7 9 |  9.1
Fighting       | 2 3 4 |  4.0
Short Blades   | 3 4 5 7 |  7.0
Throwing       | 3 |  3.1
Spellcasting   | 2 5 6 |  6.3
Summonings     | 1 5 6 |  6.0

Action                     |  1- 3 |  4- 6 |  7- 9 | 10-12 || total
---------------------------+-------+-------+-------+-------++-------
  Melee: Dagger            |    70 |   300 |   363 |    33 ||   766
  Throw: Dart              |     7 |    57 |    48 |     8 ||   120
   Cast: Call Imp          |       |       |     1 |     3 ||     4
  Evoke: Wand              |       |     1 |    11 |       ||    12
    Use: Scroll            |       |     7 |     1 |     1 ||     9
   Stab: Sleeping          |    11 |    10 |    19 |       ||    40
         Distracted        |       |     1 |       |     1 ||     2
         Paralysed         |       |       |     1 |       ||     1
 Armour: Robe              |    20 |    76 |    91 |     6 ||   193
  Dodge: Dodged            |    37 |   220 |   318 |    24 ||   599
  Block: Other             |       |    58 |    72 |     1 ||   131

Table legend: (Time is in decaauts)
 A = Elapsed time spent in this place.
 B = Non-inter-level travel time spent in this place.
 C = Inter-level travel time spent in this place.
 D = Time resting spent in this place.
 E = Time spent auto-exploring this place.
 F = Levels seen in this place.
 G = Mean time per level.
                   A        B        C        D        E       F      G
               +--------+--------+--------+--------+--------+-----+--------+
         Total |   5165 |   4999 |    166 |    112 |   2783 |  10 |  516.5 |
       Dungeon |   4617 |   4451 |    166 |      0 |   2731 |   9 |  513.0 |
        Bailey |    548 |    548 |      0 |    112 |     52 |   1 |  548.0 |
               +--------+--------+--------+--------+--------+-----+--------+

Top non-repeatable levels by time:
     D:5: 970 daAuts
     D:4: 936 daAuts
     D:1: 640 daAuts
     D:2: 580 daAuts
  Bailey: 548 daAuts
     D:3: 547 daAuts
     D:8: 424 daAuts
     D:7: 279 daAuts
     D:6: 219 daAuts
     D:9: 17 daAuts
